 Dungeon Crawl Stone Soup version 0.28.0-62-gf88900778d (webtiles) character file.

Game seed: 18182859499044036994

7120 OrthodoxDeviant the Frost Mage (level 11, -18/102 HPs)
             Began as a Barachi Ice Elementalist on Jan 1, 2024.
             Was a Priest of Vehumet.
             Killed from afar by an acid dragon (30 damage)
             ... with a splash of acid
             ... on level 9 of the Dungeon.
             The game lasted 00:46:03 (12836 turns).

OrthodoxDeviant the Frost Mage (BaIE)              Turns: 12836, Time: 00:46:04

Health: -18/102    AC: 35    Str: 10    XL:     11   Next: 10%
Magic:  16/25      EV:  2    Int: 25    God:    Vehumet [***...]
Gold:   410        SH:  0    Dex: 13    Spells: 14/30 levels left

rFire   . . .      SeeInvis .   n - +3 mace (protect)
rCold   . . .      Faith    .   (no shield)
rNeg    . . .      Spirit   .   (armour currently unavailable)
rPois   +          Reflect  .   (helmet currently unavailable)
rElec   .          Harm     .   (cloak currently unavailable)
rCorr   .          Rampage  .   (gloves currently unavailable)
Will    .....      NoTele   +   (boots currently unavailable)
Stlth   ++........              (no amulet)
HPRegen 0.27/turn               A - +6 ring of intelligence
MPRegen 0.19/turn               j - +4 ring of evasion

@: mighty, ice-armoured, tree-form
A: stationary, stasis, torment immunity, boosted hp, (amphibious), (slowness 1),
(strong legs 1), +LOS
a: Renounce Religion


You were on level 9 of the Dungeon.
You worshipped Vehumet.
Vehumet was most pleased with you.
You were a tree.
You visited 2 branches of the dungeon, and saw 10 of its levels.

You collected 436 gold pieces.
You spent 26 gold pieces at shops.

Inventory:

Hand Weapons
 b - a +1 dagger of venom
 n - a +3 mace of protection (weapon)
Missiles
 s - 3 throwing nets
Armour
 a - a +0 robe (melded)
 e - a +0 cloak (melded)
 o - a +0 helmet (melded)
Jewellery
 j - a +4 ring of evasion (right branch)
 l - a +4 ring of protection
 A - a +6 ring of intelligence (left branch)
Wands
 t - a wand of mindburst (22)
 y - a wand of flame (22)
 B - a wand of paralysis (7)
Scrolls
 g - 3 scrolls of fog
 h - 2 scrolls of teleportation
 i - a scroll of holy word
 k - 2 scrolls of immolation
 p - 4 scrolls of torment
 q - 2 scrolls of amnesia
 u - a scroll of magic mapping
 v - a scroll of enchant armour
 w - 3 scrolls of noise
Potions
 d - 2 potions of berserk rage
 f - a potion of lignification
 m - a potion of flight {unknown}
 r - a potion of mutation {unknown}
 x - a potion of invisibility {unknown}
 z - a potion of brilliance {unknown}
 C - a potion of might
 D - a potion of ambrosia {unknown}


   Skills:
 - Level 2.1 Dodging
 - Level 1.7 Stealth
 * Level 10.0 Spellcasting
 * Level 10.2 Conjurations
 - Level 2.5 Summonings
 * Level 12.5 Ice Magic


You had 14 spell levels left.
You knew the following spells:

 Your Spells              Type           Power      Damage    Failure   Level
a - Freeze                Ice            100%       1d11      1%          1
b - Magic Dart            Conj           100%       1d8       1%          1
c - Frozen Ramparts       Ice            100%       1d12      1%          3
d - Ozocubu's Armour      Ice            66%        N/A       1%          3
e - Hailstorm             Conj/Ice       62%        3d13      1%          4
f - Summon Ice Beast      Ice/Summ       50%        N/A       2%          4

Your spell library contained the following spells:

 Spells                   Type           Power      Damage    Failure   Level
 Dazzling Flash           Conj/Hex       76%        N/A       1%          3
 Foxfire                  Conj/Fire      100%       2x1d9     1%          1
 Ensorcelled Hibernation  Hex/Ice        86%        N/A       1%          2
 Conjure Flame            Conj/Fire      38%        6-21      1%          3
 Mephitic Cloud           Conj/Pois/Air  29%        N/A       1%          3
 Flame Wave               Conj/Fire      38%        2d9       1%          4
 Call Imp                 Summ           25%        N/A       2%          2
 Ice Form                 Ice/Tmut       43%        N/A       3%          4
 Inner Flame              Hex/Fire       12%        N/A       4%          3
 Passwall                 Tmut/Erth      10%        N/A       8%          2
 Swiftness                Air            12%        N/A       14%         3
 Cause Fear               Hex            6%         N/A       43%         4
 Discord                  Hex            6%         N/A       100%        8


Dungeon Overview and Level Annotations

Branches:
Dungeon (9/15)             Temple (0/1) D:7            Lair (1/6) D:8
    Orc: D:9-12

Altars:
Uskayaw
Vehumet
Yredelemnul
The Shining One

Shops:
D:7 =?

Annotations:
D:2 1 runed translucent door, Crazy Yiuf


Innate Abilities, Weirdness & Mutations

You are a tree.
Your roots penetrate the ground, keeping you stationary.
You cannot be teleported.
You are immune to unholy pain and torment.
Your maximum health is greatly increased.
Your equipment is partially melded.
((You are amphibious.))
((You cover ground slowly.))
((You can hop short distances.))
You have an extended range of vision and can be seen from far away.


Message History

Okay, then.
Unknown command.
Unknown command.
Casting: Frozen Ramparts (safe; 1% risk of failure)
Confirm with . or Enter, or press ? or * to list all spells.
Casting: Hailstorm (safe; 1% risk of failure)
Press: ? - help, Dir - look around, f - activate
Okay, then.
Unknown command.
Casting: Hailstorm (safe; 1% risk of failure)
Confirm with . or Enter, or press ? or * to list all spells.
Okay, then.
Unknown command.
Casting: Hailstorm (safe; 1% risk of failure)
Confirm with . or Enter, or press ? or * to list all spells.
Aiming: Freeze (safe; 1% risk of failure)
Press: ? - help, Shift-Dir - straight line, f - wolf, p - acid dragon
Aim: a wolf (heavily wounded, ally target)
You freeze the wolf!
The wolf is almost dead.
The wolf bites you but does no damage. x2
A wolf comes into view.
The wolf bites you but does no damage. The acid dragon bites you.
* * * LOW HITPOINT WARNING * * *
The acid dragon barely misses you.
Unknown command.
Unknown command.
Unknown command.
Casting: Freeze (safe; 1% risk of failure)
Confirm with . or Enter, or press ? or * to list all spells.
Aiming: Freeze (safe; 1% risk of failure)
Press: ? - help, Shift-Dir - straight line, f/p - wolf
Aim: a wolf (almost dead, ally target)
You freeze the wolf.
You kill the wolf!
Vehumet accepts your kill.
You feel your power returning.
The wolf bites you but does no damage. x2
The acid dragon spits acid at you. The splash of acid hits you!!
You die...

###..##.......[...).....
#................[[[.....
#...........h.#.#...#..##
#..........#...........#
#.................###.##
#..................# # ##
#........<.........#
....#.......hDh†[......#
.............♣![)......#
##.<.....Y<.......#
###.............##
##.....#.....##
#############


You could see an acid dragon (catching breath), 3 wolves and a friendly ice
beast (summoned).

Vanquished Creatures
  Pikel (D:6)
  A slime creature (D:8)
  3 yaks (D:8)
  A basilisk (D:8)
  A steam dragon (D:9)
  2 wyverns
  A water moccasin (D:7)
  Duvessa (D:6)
  3 orc warriors (D:9)
  2 black bears
  A necrophage (D:7)
  2 ogres
  A wolf (D:9)
  3 centaurs
  2 lemures (D:6)
  4 kobold brigands
  5 bullfrogs
  A scorpion (D:6)
  A water moccasin skeleton (D:7)
  Dowan (D:6)
  A wight (D:8)
  4 killer bees
  8 howler monkeys
  3 centaur zombies
  A gnoll shaman (D:7)
  5 jellies
  A centaur skeleton (D:7)
  5 orc priests
  Jessica (D:2)
  3 iguanas
  6 orc wizards
  2 killer bee zombies (D:7)
  Robin (D:3)
  17 gnolls
  2 howler monkey skeletons
  9 adders
  A shadow imp (D:6)
  An ufetubus (D:5)
  3 dart slugs
  2 worms (D:2)
  34 orcs
  7 ball pythons
  7 endoplasms
  3 giant cockroaches
  18 goblins
  10 hobgoblins
  17 jackals
  20 kobolds
  A quokka (D:1)
  A bat (D:1)
  4 frilled lizards
  6 rats
241 creatures vanquished.

Vanquished Creatures (collateral kills)
  An elephant (D:8)
  4 yaks
  A steam dragon (D:7)
  Grum (D:9)
  A basilisk (D:7)
  An orc warrior (D:8)
  A black bear (D:7)
  A necrophage (D:7)
  A lemure (D:6)
  3 wights (D:8)
  A jelly (D:7)
  An orc priest (D:9)
  A centaur skeleton (D:7)
  An orc wizard (D:9)
  A killer bee zombie (D:7)
  2 gnolls (D:7)
  An orc (D:8)
  2 kobolds (D:8)
25 creatures vanquished.

Vanquished Creatures (others)
  53 fungi
  4 plants (D:8)
  6 toadstools (D:8)
63 creatures vanquished.

Grand Total: 329 creatures vanquished

Notes
Turn   | Place    | Note
-------+----------+-------------------------------------------
     0 | D:1      | OrthodoxDeviant the Barachi Ice Elementalist began the
                  | quest for the Orb.
     0 | D:1      | Reached XP level 1. HP: 13/13 MP: 3/3
    79 | D:1      | Reached skill level 5 in Ice Magic
   131 | D:1      | Reached XP level 2. HP: 15/19 MP: 2/5
   661 | D:1      | Reached XP level 3. HP: 20/24 MP: 4/7
  1041 | D:2      | Noticed Jessica
  1350 | D:1      | Learned a level 1 spell: Magic Dart
  1354 | D:1      | Learned a level 3 spell: Frozen Ramparts
  1358 | D:1      | Learned a level 3 spell: Ozocubu's Armour
  1445 | D:2      | Killed Jessica
  1446 | D:2      | Reached XP level 4. HP: 30/30 MP: 3/9
  1596 | D:2      | Reached skill level 1 in Conjurations
  1843 | D:2      | Found a runed translucent door.
  1844 | D:2      | Noticed Crazy Yiuf
  2299 | D:2      | Reached skill level 6 in Ice Magic
  2474 | D:3      | Found a glowing golden altar of the Shining One.
  2573 | D:3      | Found a basalt altar of Yredelemnul.
  2628 | D:3      | Noticed Robin
  2655 | D:3      | Reached XP level 5. HP: 33/35 MP: 4/10
  2720 | D:3      | Killed Robin
  3428 | D:3      | Found a radiant altar of Vehumet.
  3572 | D:3      | Became a worshipper of Vehumet
  3957 | D:4      | Noticed an ogre
  3969 | D:4      | Killed an ogre
  3970 | D:4      | Reached XP level 6. HP: 41/41 MP: 1/12
  4405 | D:4      | Learned a level 4 spell: Hailstorm
  4621 | D:4      | Found a hide-covered altar of Uskayaw.
  4738 | D:4      | Reached skill level 7 in Ice Magic
  4826 | D:5      | Entered Level 5 of the Dungeon
  4867 | D:5      | Reached XP level 7. HP: 38/46 MP: 4/14
  4995 | D:5      | Reached skill level 5 in Spellcasting
  6562 | D:6      | Reached XP level 8. HP: 49/52 MP: 9/16
  6793 | D:6      | Reached skill level 8 in Ice Magic
  6793 | D:6      | Reached * piety under Vehumet
  6793 | D:6      | Offered knowledge of Sandblast by Vehumet.
  6803 | D:6      | Reached skill level 5 in Conjurations
  7154 | D:6      | Noticed Dowan
  7156 | D:6      | Noticed Duvessa
  7180 | D:6      | Killed Dowan
  7377 | D:6      | Killed Duvessa
  7595 | D:6      | Learned a level 4 spell: Summon Ice Beast
  7949 | D:7      | Found Kagycis's Jewellery Shoppe.
  8268 | D:7      | Noticed a wyvern
  8271 | D:7      | Reached skill level 1 in Summonings
  8271 | D:7      | Killed a wyvern
  8272 | D:7      | Reached skill level 9 in Ice Magic
  8423 | D:7      | Reached XP level 9. HP: 53/57 MP: 19/19
  8724 | D:7      | Paralysed by a kobold brigand for 3 turns
  8831 | D:7      | Found Ynuopeol's Magic Scroll Boutique.
  8982 | D:7      | Noticed Pikel
  9065 | D:6      | Killed Pikel
  9066 | D:6      | Reached skill level 10 in Ice Magic
  9199 | D:7      | Offered knowledge of Searing Ray by Vehumet.
  9263 | D:7      | Reached ** piety under Vehumet
  9481 | D:7      | Bought a scroll of identify for 26 gold pieces
  9622 | D:7      | Reached XP level 10. HP: 63/63 MP: 17/22
  9768 | D:7      | Found a staircase to the Ecumenical Temple.
 10308 | D:8      | Reached skill level 11 in Ice Magic
 10593 | D:8      | Noticed an elephant
 10606 | D:8      | Killed an elephant
 10867 | D:8      | Offered knowledge of Static Discharge by Vehumet.
 11131 | D:8      | Found a staircase to the Lair.
 11217 | Lair:1   | Entered Level 1 of the Lair of Beasts
 11228 | Lair:1   | Reached *** piety under Vehumet
 12016 | D:8      | Reached skill level 12 in Ice Magic
 12418 | D:9      | Reached XP level 11. HP: 58/68 MP: 12/24
 12418 | D:9      | Offered knowledge of Dazzling Flash by Vehumet.
 12421 | D:9      | Reached skill level 10 in Conjurations
 12825 | D:9      | Noticed Grum
 12829 | D:9      | Reached skill level 10 in Spellcasting
 12831 | D:9      | Killed Grum
 12836 | D:9      | Killed from afar by an acid dragon

Illustrated notes

Levels and vault maps discovered:
D:1:      dpeg_arrival_tiny_c, layout_basic
D:2:      layout_rooms, uniq_jessica, uniq_crazy_yiuf_cottage
D:3:      layout_basic, mainiacjoe_overflow_concentric_impassable,
          mainiacjoe_overflow_catch_the_wave, uniq_robin
D:4:      layout_gridville, kennysheep_little_box
D:5:      layout_cave_pods, enter_ossuary_5
D:6:      layout_basic, minivault_24, uniq_duvessa
D:7:      minmay_razor_zed, layout_rooms, minmay_temple_entry_poolview,
          serial_shops, shop, kennysheep_windowed_goal, uniq_pikel
D:8:      cheibrodos_fertilizer, layout_loops_ring, david_lair_generic
D:9:      layout_rooms, erik_orc_4, hangedman_minor_magic, uniq_grum
Lair:1:   lemuel_ratsnest, layout_misc_corridors, lemuel_fruit_fields,
          lemuel_fruit_tree, grunt_megastairs_5, lemuel_fruit_fields,
          infiniplex_staircase_pool_2, uniq_joseph

Skill      XL: |  1  2  3  4  5  6  7  8  9 10 11 |
---------------+----------------------------------+-----
Ice Magic      | 5 6 7 9 10 12 | 12.5
Spellcasting   | 3 4 5 6 8 9 10 | 10.0
Conjurations   | 1 2 3 4 6 8 9 10 | 10.2
Summonings     | 2 |  2.5
Dodging        | |  2.1
Stealth        | |  1.7

Action                   |  1- 3 |  4- 6 |  7- 9 | 10-12 || total
-------------------------+-------+-------+-------+-------++-------
Melee: Dagger            |    33 |     4 |       |       ||    37
       Mace              |       |    30 |    81 |    61 ||   172
       Punch             |       |       |       |     3 ||     3
 Cast: Freeze            |    26 |    53 |    81 |    46 ||   206
       Magic Dart        |     2 |    57 |     1 |       ||    60
       Frozen Ramparts   |       |     9 |    29 |    21 ||    59
       Ozocubu's Armour  |       |     6 |     7 |     6 ||    19
       Hailstorm         |       |     1 |     4 |     7 ||    12
       Summon Ice Beast  |       |       |    10 |    21 ||    31
 Abil: Hop               |     1 |       |     2 |     5 ||     8
  Use: Potion            |     1 |       |       |     5 ||     6
       Scroll            |       |     5 |     4 |     3 ||    12
 Stab: Sleeping          |     3 |       |       |       ||     3
       Distracted        |       |       |       |     2 ||     2
Armor: Robe              |    16 |    37 |    63 |    26 ||   142
       Skin              |       |       |       |    15 ||    15
Dodge: Dodged            |    44 |    52 |   155 |    96 ||   347
